MWL (24 & UNDER)
ERIE JAXX @ CINCINNATI PRIDE
08/20/2026
 
TOP OF THE 1ST
Erie Jaxx batting - Pitching for Cincinnati Pride : RHP Rusty van Rhee
Pitching: RHP Rusty van Rhee
Batting: RHB Luis Fuentes 0-0: Ball
1-0: Called Strike
1-1: Foul Ball, location: 2F
1-2: Ball
2-2: Ground out 5-3 (Groundball, 56)
Batting: LHB Josh Pérez 0-0: Ball
1-0: Ball
2-0: Ball
3-0: Base on Balls
Batting: RHB Bobby Murdock 0-0: Called Strike
Josh Pérez steals 2nd base
0-1: SINGLE (Flyball, 89S)
Josh Pérez to third
Batting: RHB Ken Longoria 0-0: Swinging Strike
0-1: Grounds into double play, 5-4-3 (Groundball, 56)
Top of the 1st over - 0 run(s), 1 hit(s), 0 error(s), 1 left on base; Erie 0 - Cincinnati 0
BOTTOM OF THE 1ST
Cincinnati Pride batting - Pitching for Erie Jaxx : LHP Jerry Martin
Pitching: LHP Jerry Martin
Batting: LHB Ángel Tuzzi 0-0: Called Strike
0-1: Called Strike
0-2: Strikes out looking
Batting: RHB Wilson Flores 0-0: Bunted foul
0-1: Called Strike
0-2: Ball
1-2: Ball
2-2: Ball
3-2: Fly out, F5 (Line Drive, 5)
Batting: RHB Michael Skinner 0-0: Ball
1-0: Called Strike
1-1: Called Strike
1-2: Fly out, F8 (Line Drive, 8RD)
Bottom of the 1st over - 0 run(s), 0 hit(s), 0 error(s), 0 left on base; Erie 0 - Cincinnati 0
TOP OF THE 2ND
Erie Jaxx batting - Pitching for Cincinnati Pride : RHP Rusty van Rhee
Batting: LHB Milton Watson 0-0: Called Strike
0-1: Ball
1-1: Foul Ball, location: 2F
1-2: Foul Ball, location: 2F
1-2: Ground out U3 (Groundball, 3L)
Batting: RHB Steve Clifton 0-0: Ball
1-0: Called Strike
1-1: Ball
2-1: Ball
3-1: Foul Ball, location: 2F
3-2: Strikes out swinging
Batting: RHB Alfredo Ramírez 0-0: Called Strike
0-1: Ball
1-1: Ball
2-1: Ball
3-1: Base on Balls
Batting: RHB Júlio Hernández 0-0: Ball
1-0: Ball
2-0: Swinging Strike
2-1: Called Strike
2-2: Ball
3-2: Strikes out swinging
Top of the 2nd over - 0 run(s), 0 hit(s), 0 error(s), 1 left on base; Erie 0 - Cincinnati 0
BOTTOM OF THE 2ND
Cincinnati Pride batting - Pitching for Erie Jaxx : LHP Jerry Martin
Batting: RHB Norris Howard 0-0: Ball
1-0: SINGLE (Groundball, 13) (infield hit)
Batting: LHB Iván Vázquez 0-0: Ball
1-0: SINGLE (Flyball, 9S)
Norris Howard to second
Runner from 2nd tries for 3rd, SAFE, throw made to third
Iván Vázquez to second
Batting: LHB Wes Stone 0-0: Called Strike
0-1: Foul Ball, location: 2F
0-2: Ball
1-2: Foul Ball, location: 2F
1-2: Ball
2-2: Ground out 3-1 (Groundball, 34)
Norris Howard scores
Iván Vázquez to third
Batting: RHB Bartolo Montero 0-0: Ball
1-0: DOUBLE (Groundball, 5L)
Iván Vázquez scores
Batting: RHB Álex Hernández 0-0: Ball
1-0: Ball
2-0: Called Strike
2-1: Fly out, F8 (Line Drive, 8RXD)
Runner from 2nd tags up, SAFE at 3rd, no throw
Batting: RHB Juan Martínez 0-0: Called Strike
0-1: Ball
1-1: Foul Ball, location: 2F
1-2: Foul Ball, location: 2F
1-2: Ground out 6-3 (Groundball, 6)
Bottom of the 2nd over - 2 run(s), 3 hit(s), 0 error(s), 1 left on base; Erie 0 - Cincinnati 2
TOP OF THE 3RD
Erie Jaxx batting - Pitching for Cincinnati Pride : RHP Rusty van Rhee
Batting: RHB Cristián Cauozos 0-0: Called Strike
0-1: Swinging Strike
0-2: Ball
1-2: Foul Ball, location: 2F
1-2: Strikes out swinging, 2-3 out at first.
Batting: RHB Luis Fuentes 0-0: Fly out, F8 (Flyball, 8LM)
Batting: LHB Josh Pérez 0-0: Swinging Strike
0-1: Ball
1-1: Ball
2-1: Fly out, F7 (Flyball, 78M)
Top of the 3rd over - 0 run(s), 0 hit(s), 0 error(s), 0 left on base; Erie 0 - Cincinnati 2
BOTTOM OF THE 3RD
Cincinnati Pride batting - Pitching for Erie Jaxx : LHP Jerry Martin
Batting: LHB Ángel Tuzzi 0-0: Ball
1-0: Fly out, F7 (Flyball, 7LM)
Batting: RHB Wilson Flores 0-0: SINGLE (Line Drive, 4)
Batting: RHB Michael Skinner 0-0: Ball
1-0: Foul Ball, location: 2F
1-1: Fly out, F4 (Popup, 3F)
Batting: RHB Norris Howard 0-0: Called Strike
0-1: Called Strike
Wilson Flores is caught stealing 2nd base
Bottom of the 3rd over - 0 run(s), 1 hit(s), 0 error(s), 0 left on base; Erie 0 - Cincinnati 2
TOP OF THE 4TH
Erie Jaxx batting - Pitching for Cincinnati Pride : RHP Rusty van Rhee
Batting: RHB Bobby Murdock 0-0: Fly out, F8 (Flyball, 8RXD)
Batting: RHB Ken Longoria 0-0: Called Strike
0-1: Swinging Strike
0-2: Ball
1-2: Ball
2-2: Strikes out looking
Batting: LHB Milton Watson 0-0: Ball
1-0: Ground out 5-3 (Groundball, 5)
Top of the 4th over - 0 run(s), 0 hit(s), 0 error(s), 0 left on base; Erie 0 - Cincinnati 2
BOTTOM OF THE 4TH
Cincinnati Pride batting - Pitching for Erie Jaxx : LHP Jerry Martin
Batting: RHB Norris Howard 0-0: Fly out, F6 (Popup, 6D)
Batting: LHB Iván Vázquez 0-0: Called Strike
0-1: Ball
1-1: Swinging Strike
1-2: Foul Ball, location: 2F
1-2: Strikes out swinging
Batting: LHB Wes Stone 0-0: Foul Ball, location: 2F
0-1: Ball
1-1: Called Strike
1-2: Strikes out looking
Bottom of the 4th over - 0 run(s), 0 hit(s), 0 error(s), 0 left on base; Erie 0 - Cincinnati 2
TOP OF THE 5TH
Erie Jaxx batting - Pitching for Cincinnati Pride : RHP Rusty van Rhee
Batting: RHB Steve Clifton 0-0: Swinging Strike
0-1: Ball
1-1: Swinging Strike
1-2: Foul Ball, location: 2F
1-2: Strikes out swinging
Batting: RHB Alfredo Ramírez 0-0: Called Strike
0-1: Swinging Strike
0-2: Fly out, F7 (Flyball, 78M)
Batting: RHB Júlio Hernández 0-0: Called Strike
0-1: Foul Ball, location: 2F
0-2: Foul Ball, location: 2F
0-2: Strikes out swinging
Top of the 5th over - 0 run(s), 0 hit(s), 0 error(s), 0 left on base; Erie 0 - Cincinnati 2
BOTTOM OF THE 5TH
Cincinnati Pride batting - Pitching for Erie Jaxx : LHP Jerry Martin
Batting: RHB Bartolo Montero 0-0: Swinging Strike
0-1: Ball
1-1: Called Strike
1-2: Strikes out swinging
Batting: RHB Álex Hernández 0-0: Ball
1-0: SINGLE (Line Drive, 4D)
Batting: RHB Juan Martínez 0-0: Called Strike
0-1: Fly out, F3 (Popup, 3SF)
Batting: LHB Ángel Tuzzi 0-0: Ball
1-0: Called Strike
1-1: Called Strike
1-2: 2-RUN HOME RUN (Flyball, 89XD), Distance : 425 ft
Batting: RHB Wilson Flores 0-0: Ground out 6-3 (Groundball, 6)
Bottom of the 5th over - 2 run(s), 2 hit(s), 0 error(s), 0 left on base; Erie 0 - Cincinnati 4
TOP OF THE 6TH
Erie Jaxx batting - Pitching for Cincinnati Pride : RHP Rusty van Rhee
Batting: RHB Cristián Cauozos 0-0: SINGLE (Groundball, 56D)
Batting: RHB Luis Fuentes 0-0: Foul Ball, location: 2F
0-1: Ball
1-1: Ball
2-1: Foul Ball, location: 2F
2-2: Foul Ball, location: 2F
2-2: Strikes out swinging
Batting: LHB Josh Pérez 0-0: Ball
1-0: Ball
2-0: Ball
3-0: Base on Balls
Cristián Cauozos to second
Batting: RHB Bobby Murdock 0-0: Called Strike
0-1: SINGLE (Line Drive, 89S)
Cristián Cauozos to third
Josh Pérez to second
Runner from 3rd tries for Home, SAFE, no throw or cutoff
Batting: RHB Ken Longoria 0-0: Called Strike
Josh Pérez steals 3rd base
Bobby Murdock to second
0-1: Swinging Strike
0-2: Strikes out looking
Batting: LHB Milton Watson 0-0: Foul Ball, location: 2F
0-1: Ball
1-1: Ball
2-1: Ball
3-1: Foul Ball, location: 2F
3-2: Base on Balls
Batting: RHB Steve Clifton 0-0: SINGLE (Flyball, 9LS)
Josh Pérez scores
Bobby Murdock to third
Milton Watson to second
Runner from 3rd tries for Home, SAFE, no throw or cutoff
Batting: RHB Alfredo Ramírez 0-0: Called Strike
0-1: Called Strike
0-2: Foul Ball, location: 2F
0-2: Ball
1-2: Strikes out looking
Top of the 6th over - 3 run(s), 3 hit(s), 0 error(s), 2 left on base; Erie 3 - Cincinnati 4
BOTTOM OF THE 6TH
Cincinnati Pride batting - Pitching for Erie Jaxx : LHP Jerry Martin
Batting: RHB Michael Skinner 0-0: Ball
1-0: Called Strike
1-1: Ball
2-1: Swinging Strike
2-2: Ball
3-2: Base on Balls
Batting: RHB Norris Howard 0-0: Called Strike
0-1: Ball
1-1: Fly out, F8 (Flyball, 8RXD)
Batting: LHB Iván Vázquez 0-0: Swinging Strike
0-1: Foul Ball, location: 2F
0-2: Foul Ball, location: 2F
0-2: Foul Ball, location: 2F
0-2: Ball
1-2: Ball
2-2: Strikes out swinging
Batting: LHB Wes Stone 0-0: Ball
1-0: Ball
2-0: Ball
3-0: Base on Balls
Michael Skinner to second
Pitching: LHP Luis Torres
Batting: RHB Bartolo Montero 0-0: Foul Ball, location: 2F
0-1: Ball
1-1: Fly out, F9 (Flyball, 89M)
Bottom of the 6th over - 0 run(s), 0 hit(s), 0 error(s), 2 left on base; Erie 3 - Cincinnati 4
TOP OF THE 7TH
Erie Jaxx batting - Pitching for Cincinnati Pride : RHP Rusty van Rhee
Batting: RHB Júlio Hernández 0-0: Called Strike
0-1: Ball
1-1: Ball
2-1: Ball
3-1: Fly out, F8 (Popup, 78S)
Batting: RHB Cristián Cauozos 0-0: Called Strike
0-1: Swinging Strike
0-2: Ball
1-2: Foul Ball, location: 2F
1-2: Ball
2-2: Foul Ball, location: 2F
2-2: Foul Ball, location: 2F
2-2: Strikes out swinging
Batting: RHB Luis Fuentes 0-0: Ball
1-0: Ball
2-0: Foul Ball, location: 2F
2-1: Ball
3-1: Fly out, F8 (Line Drive, 8LM)
Top of the 7th over - 0 run(s), 0 hit(s), 0 error(s), 0 left on base; Erie 3 - Cincinnati 4
BOTTOM OF THE 7TH
Cincinnati Pride batting - Pitching for Erie Jaxx : LHP Luis Torres
Batting: RHB Álex Hernández 0-0: Foul Ball, location: 2F
0-1: Ball
1-1: Called Strike
1-2: SINGLE (Groundball, 6D)
Batting: RHB Juan Martínez 0-0: Called Strike
0-1: Ball
1-1: Sac Bunt - play at first, batter OUT! 1-4
Álex Hernández to second
Pitching: LHP Jason Dean
Batting: LHB Ángel Tuzzi 0-0: Ball
1-0: Called Strike
1-1: Foul Ball, location: 2F
1-2: Strikes out swinging
Pitching: LHP Alfredo García
Batting: RHB Wilson Flores 0-0: Swinging Strike
0-1: Ball
1-1: Called Strike
1-2: Strikes out looking
Bottom of the 7th over - 0 run(s), 1 hit(s), 0 error(s), 1 left on base; Erie 3 - Cincinnati 4
TOP OF THE 8TH
Erie Jaxx batting - Pitching for Cincinnati Pride : RHP Rusty van Rhee
Now at SS: Burkhard Bittinger
Batting: LHB Josh Pérez 0-0: Ball
1-0: Ball
2-0: Ball
3-0: Base on Balls
Batting: RHB Bobby Murdock 0-0: Called Strike
0-1: Called Strike
0-2: Ball
1-2: Foul Ball, location: 2F
1-2: Foul Ball, location: 2F
1-2: SINGLE (Line Drive, 56)
Josh Pérez to second
Batting: RHB Ken Longoria 0-0: Called Strike
0-1: Fly out, F8 (Flyball, 8LM)
Batting: LHB Milton Watson 0-0: SINGLE (Groundball, 56D)
Josh Pérez to third
Bobby Murdock to second
Runner from 3rd tries for Home, SAFE, no throw or cutoff
Batting: RHB Steve Clifton 0-0: Ball
1-0: Foul Ball, location: 2F
1-1: Foul Ball, location: 2F
1-2: Ball
2-2: Ground out 4-3 (Groundball, 4M)
Bobby Murdock to third
Milton Watson to second
Pinch Hitting: SHB Giel Molendijk 0-0: Called Strike
0-1: Foul Ball, location: 2F
0-2: Ball
1-2: Strikes out looking
Top of the 8th over - 1 run(s), 2 hit(s), 0 error(s), 2 left on base; Erie 4 - Cincinnati 4
BOTTOM OF THE 8TH
Cincinnati Pride batting - Pitching for Erie Jaxx : LHP Alfredo García
Now in CF: Giel Molendijk
Batting: RHB Michael Skinner 0-0: Called Strike
0-1: Swinging Strike
0-2: Ball
1-2: Strikes out swinging
Batting: RHB Norris Howard 0-0: Called Strike
0-1: Called Strike
0-2: Strikes out swinging
Pinch Hitting: SHB Larry Peterson 0-0: Called Strike
0-1: Ball
1-1: Swinging Strike
1-2: Ball
2-2: DOUBLE (Line Drive, 7LM)
Batting: LHB Wes Stone 0-0: Ball
1-0: Ball
2-0: Ball
3-0: Base on Balls
Batting: RHB Bartolo Montero 0-0: Ball
1-0: Ball
2-0: Ball
3-0: Called Strike
3-1: Foul Ball, location: 2F
3-2: Strikes out swinging
Bottom of the 8th over - 0 run(s), 1 hit(s), 0 error(s), 2 left on base; Erie 4 - Cincinnati 4
TOP OF THE 9TH
Erie Jaxx batting - Pitching for Cincinnati Pride : RHP Rusty van Rhee
Pitching: RHP Roberto Cordero
Now at 1B: Roberto Quiñones
Pinch Hitting: SHB Michael Field 0-0: Ball
1-0: Ball
2-0: Ball
3-0: Base on Balls
Pinch Runner at 1st Jerry Moore:
Batting: RHB Cristián Cauozos 0-0: Bunted foul
0-1: Sac Bunt - play at first, batter OUT! 1-4
Jerry Moore to second
Batting: RHB Luis Fuentes 0-0: Fly out, F9 (Flyball, 89M)
Batting: LHB Josh Pérez 0-0: Ball
1-0: Ball
2-0: Ball
3-0: Base on Balls
Batting: RHB Bobby Murdock 0-0: Called Strike
0-1: Ball
1-1: Foul Ball, location: 2F
1-2: Strikes out swinging
Top of the 9th over - 0 run(s), 0 hit(s), 0 error(s), 2 left on base; Erie 4 - Cincinnati 4
BOTTOM OF THE 9TH
Cincinnati Pride batting - Pitching for Erie Jaxx : LHP Alfredo García
Now at 3B: Jerry Moore
Batting: RHB Álex Hernández 0-0: Called Strike
0-1: SINGLE (Line Drive, 9LS)
Batting: RHB Juan Martínez 0-0: Sac Bunt - play at first, batter OUT! 2-4
Álex Hernández to second
Batting: LHB Ángel Tuzzi 0-0: Intentional Walk
Pinch Hitting: RHB José Antonio Delgado 0-0: Swinging Strike
0-1: Ball
1-1: Called Strike
1-2: Ball
2-2: Ball
3-2: Strikes out swinging
Batting: RHB Michael Skinner 0-0: Ball
1-0: Called Strike
1-1: Foul Ball, location: 2F
1-2: Ball
2-2: Strikes out looking
Bottom of the 9th over - 0 run(s), 1 hit(s), 0 error(s), 2 left on base; Erie 4 - Cincinnati 4
TOP OF THE 10TH
Erie Jaxx batting - Pitching for Cincinnati Pride : RHP Roberto Cordero
Now at SS: Steve Meyers
Batting: RHB Ken Longoria 0-0: Ball
1-0: Fly out, F3 (Popup, 4MS)
Batting: LHB Milton Watson 0-0: Ball
1-0: Ball
2-0: Called Strike
2-1: Foul Ball, location: 2F
2-2: Ball
3-2: Base on Balls
Batting: RHB Steve Clifton 0-0: Swinging Strike
0-1: Swinging Strike
0-2: Ball
1-2: Strikes out swinging
Batting: SHB Giel Molendijk 0-0: Ball
1-0: Ground out U3 (Groundball, 3)
Top of the 10th over - 0 run(s), 0 hit(s), 0 error(s), 1 left on base; Erie 4 - Cincinnati 4
BOTTOM OF THE 10TH
Cincinnati Pride batting - Pitching for Erie Jaxx : LHP Alfredo García
Batting: RHB Norris Howard 0-0: Ball
1-0: Swinging Strike
1-1: Ground out 6-3 (Groundball, 6)
Batting: RHB Roberto Quiñones 0-0: Swinging Strike
0-1: Ball
1-1: Foul Ball, location: 2F
1-2: Fly out, F2 (Popup, 2L)
Batting: LHB Wes Stone 0-0: Ball
1-0: Ball
2-0: Ball
3-0: Base on Balls
Batting: RHB Bartolo Montero 0-0: Called Strike
0-1: Ball
1-1: Foul Ball, location: 2F
1-2: Ground out 1-3 (Groundball, 13)
Bottom of the 10th over - 0 run(s), 0 hit(s), 0 error(s), 1 left on base; Erie 4 - Cincinnati 4
TOP OF THE 11TH
Erie Jaxx batting - Pitching for Cincinnati Pride : RHP Roberto Cordero
Batting: RHB Jerry Moore 0-0: Ball
1-0: Ball
2-0: Fly out, F7 (Line Drive, 78S)
Pinch Hitting: SHB José Durango 0-0: Ball
1-0: Ball
2-0: Ball
3-0: Called Strike
3-1: Foul Ball, location: 2F
3-2: Base on Balls
Batting: RHB Luis Fuentes 0-0: Ball
1-0: Called Strike
1-1: Foul Ball, location: 2F
1-2: Ball
2-2: SINGLE (Groundball, 4MD)
José Durango to second
Runner from 2nd tries for 3rd, SAFE, throw made to third
Batting: LHB Josh Pérez 0-0: Ball
Luis Fuentes steals 2nd base
1-0: Intentional Walk
Batting: RHB Bobby Murdock 0-0: Grounds into double play, 5-2-3 (Groundball, 5S)
Top of the 11th over - 0 run(s), 1 hit(s), 0 error(s), 2 left on base; Erie 4 - Cincinnati 4
BOTTOM OF THE 11TH
Cincinnati Pride batting - Pitching for Erie Jaxx : LHP Alfredo García
Now at 2B: Guaspar Vasche
Batting: RHB Álex Hernández 0-0: Foul Ball, location: 2F
0-1: Ball
1-1: Ball
2-1: SINGLE (Line Drive, 89S)
Batting: RHB Juan Martínez 0-0: Foul Ball, location: 2F
0-1: Sac Bunt - play at first, batter OUT! 1-4
Álex Hernández to second
Batting: LHB Ángel Tuzzi 0-0: Intentional Walk
Batting: RHB Steve Meyers 0-0: Ball
1-0: Called Strike
1-1: Foul Ball, location: 2F
1-2: Strikes out looking
Batting: RHB Michael Skinner 0-0: Foul Ball, location: 2F
0-1: Called Strike
0-2: Ball
1-2: Strikes out looking
Bottom of the 11th over - 0 run(s), 1 hit(s), 0 error(s), 2 left on base; Erie 4 - Cincinnati 4
TOP OF THE 12TH
Erie Jaxx batting - Pitching for Cincinnati Pride : RHP Roberto Cordero
Batting: RHB Ken Longoria 0-0: Ball
1-0: Ball
2-0: Ball
3-0: Base on Balls
Pitching: RHP Basilio Bea
Batting: LHB Milton Watson 0-0: Called Strike
0-1: Ball
1-1: Foul Ball, location: 2F
1-2: Ball
2-2: Fly out, F9 (Flyball, 9M)
Batting: RHB Steve Clifton 0-0: Ball
1-0: Ball
2-0: Called Strike
2-1: Foul Ball, location: 2F
2-2: Foul Ball, location: 2F
2-2: Strikes out looking
Batting: SHB Giel Molendijk 0-0: Ball
1-0: Ball
2-0: Ball
3-0: Called Strike
3-1: Ground out 4-3 (Groundball, 4)
Top of the 12th over - 0 run(s), 0 hit(s), 0 error(s), 1 left on base; Erie 4 - Cincinnati 4
BOTTOM OF THE 12TH
Cincinnati Pride batting - Pitching for Erie Jaxx : LHP Alfredo García
Batting: RHB Norris Howard 0-0: Called Strike
0-1: Ball
1-1: Swinging Strike
1-2: Foul Ball, location: 2F
1-2: Ball
2-2: Strikes out swinging
Batting: RHB Roberto Quiñones 0-0: Ball
1-0: Fly out, F3 (Popup, 34)
Batting: LHB Wes Stone 0-0: Called Strike
0-1: Ground out 4-3 (Groundball, 4M)
Bottom of the 12th over - 0 run(s), 0 hit(s), 0 error(s), 0 left on base; Erie 4 - Cincinnati 4
TOP OF THE 13TH
Erie Jaxx batting - Pitching for Cincinnati Pride : RHP Basilio Bea
Batting: RHB Jerry Moore 0-0: Foul Ball, location: 2F
0-1: Ball
1-1: Called Strike
1-2: Strikes out looking
Batting: RHB Guaspar Vasche 0-0: Called Strike
0-1: Ball
1-1: Foul Ball, location: 2F
1-2: Foul Ball, location: 2F
1-2: Ball
2-2: Strikes out looking
Batting: RHB Luis Fuentes 0-0: Ball
1-0: Foul Ball, location: 2F
1-1: Ball
2-1: Fly out, F8 (Flyball, 8LM)
Top of the 13th over - 0 run(s), 0 hit(s), 0 error(s), 0 left on base; Erie 4 - Cincinnati 4
BOTTOM OF THE 13TH
Cincinnati Pride batting - Pitching for Erie Jaxx : LHP Alfredo García
Pitching: RHP Juan Silva
Batting: RHB Bartolo Montero 0-0: Ground out 6-3 (Groundball, 6M)
Batting: RHB Álex Hernández 0-0: Swinging Strike
0-1: Called Strike
0-2: Ball
1-2: Ball
2-2: Strikes out swinging
Batting: RHB Juan Martínez 0-0: Fly out, F8 (Flyball, 8RM)
Bottom of the 13th over - 0 run(s), 0 hit(s), 0 error(s), 0 left on base; Erie 4 - Cincinnati 4
TOP OF THE 14TH
Erie Jaxx batting - Pitching for Cincinnati Pride : RHP Basilio Bea
Batting: LHB Josh Pérez 0-0: Ball
1-0: DOUBLE (Flyball, 89XD)
Batting: RHB Bobby Murdock 0-0: Ball
1-0: Fly out, F7 (Flyball, 7D)
Runner from 2nd tags up, SAFE at 3rd, no throw
Batting: RHB Ken Longoria 0-0: Intentional Walk
Batting: LHB Milton Watson 0-0: Ball
1-0: SINGLE (Flyball, 8LS)
Josh Pérez scores
Ken Longoria to second
Runner from 2nd tries for 3rd, SAFE, throw made to third
Pitching: RHP José Bruschy
Batting: RHB Steve Clifton 0-0: Ball
1-0: Ball
2-0: Bunted foul
2-1: Grounds into double play, 1-6-3 (Groundball, 13)
Top of the 14th over - 1 run(s), 2 hit(s), 0 error(s), 1 left on base; Erie 5 - Cincinnati 4
BOTTOM OF THE 14TH
Cincinnati Pride batting - Pitching for Erie Jaxx : RHP Juan Silva
Batting: LHB Ángel Tuzzi 0-0: Ground out 5-3 (Groundball, 15S)
Batting: RHB Steve Meyers 0-0: Called Strike
0-1: DOUBLE (Groundball, 5L)
Batting: RHB Michael Skinner 0-0: Foul Ball, location: 2F
0-1: Ball
1-1: Foul Ball, location: 2F
1-2: Ball
2-2: DOUBLE (Line Drive, 7LS)
Steve Meyers scores
Batting: RHB Norris Howard 0-0: Intentional Walk
Pinch Hitting: LHB John Clark 0-0: Ball
1-0: Called Strike
1-1: Ball
2-1: Foul Ball, location: 2F
2-2: Ball
3-2: SINGLE (Groundball, 34D)
Michael Skinner to third
Norris Howard to second
Batting: LHB Wes Stone 0-0: Foul Ball, location: 2F
0-1: Called Strike
0-2: Ball
1-2: SINGLE (Line Drive, 56)
Michael Skinner scores
Monday, December 5th, 2016 - OOTP Baseball 17.12 Build 75